 Dungeon Crawl Stone Soup version 0.23.2-1-ga50397a (webtiles) character file.

Game seed: 9009085948739355867

8352 davaitedunem the Brawler (level 11, -11/94 HPs)
             Began as a Troll Fighter on Apr 23, 2019.
             Mangled by an orc knight
             ... wielding a cursed +0 arbalest
              (13 damage)
             ... on level 2 of the Orcish Mines.
             The game lasted 00:38:04 (7547 turns).

davaitedunem the Brawler (Troll Fighter)            Turns: 7547, Time: 00:38:05

Health: -11/94     AC:  6    Str: 27    XL:     11   Next: 8%
Magic:  10/10      EV:  8    Int:  4    God:
Gold:   727        SH:  9    Dex: 11    Spells: 10/10 levels left

rFire    + . .     SeeInvis .     - Unarmed
rCold    . . .     Gourm    +   k - +0 shield {rF+}
rNeg     + . .     Faith    .   s - +0 robe {MR+}
rPois    +         Spirit   .   (helmet restricted)
rElec    .         Reflect  .   (no cloak)
rCorr    .         Harm     .   (gloves unavailable)
MR       +....                  (boots unavailable)
Stlth    +.........             x - amulet of regeneration
HPRegen  1.05/turn              z - ring of positive energy
MPRegen  0.12/turn              n - ring of poison resistance

@: no status effects
A: large, unfitting armour, claws 3, fast metabolism 3, gourmand, regeneration
1, shaggy fur 1, tough skin 3
a: no special abilities


You were on level 2 of the Orcish Mines.
You were very full.

You visited 3 branches of the dungeon, and saw 12 of its levels.

You collected 929 gold pieces.
You spent 202 gold pieces at shops.

Inventory:

Armour
 b - a +0 shield
 k - a +0 shield of fire resistance (worn)
 s - a +0 robe of magic resistance (worn)
Jewellery
 n - a ring of poison resistance (right claw)
 x - an amulet of regeneration (around neck)
 z - a ring of positive energy (left claw)
 B - an uncursed ring of resist corrosion
Wands
 w - a wand of paralysis (5)
 E - a wand of polymorph (4)
 H - a wand of iceblast (13)
Scrolls
 g - a scroll of amnesia
 i - 2 scrolls of remove curse
 u - 5 scrolls of teleportation
 v - 2 scrolls of enchant weapon
 y - a scroll of noise {unknown}
 A - a scroll of fog {unknown}
 C - a scroll of enchant armour {unknown}
 D - a scroll of holy word {unknown}
 F - a scroll of identify
Potions
 a - 3 potions of curing
 e - 3 potions of flight
 f - 2 potions of brilliance {unknown}
 h - a potion of magic {unknown}
 j - 3 potions of mutation {unknown}
 l - a potion of invisibility {unknown}
 o - 3 potions of degeneration {unknown}
 p - 3 potions of lignification {unknown}
 r - 2 potions of haste {unknown}
 t - a potion of cancellation {unknown}
Comestibles
 c - 12 chunks of flesh
 d - 22 rations


   Skills:
 - Level 2.4 Fighting
 * Level 1.8 Armour
 - Level 2.4 Dodging
 + Level 2.8 Shields
 - Level 16.0 Unarmed Combat


You had 10 spell levels left.
You didn't know any spells.
Your spell library contained the following spells:

 Spells                   Type           Power        Failure   Level  Hunger
 Magic Dart               Conj           #...         91%         1    ##.....
 Summon Small Mammal      Summ           #...         91%         1    ##.....
 Blink                    Tloc           N/A          97%         2    ###....
 Call Imp                 Summ           #.......     97%         2    ###....
 Slow                     Hex            #.......     97%         2    ###....
 Call Canine Familiar     Summ           #.......     99%         3    ####...
 Conjure Flame            Conj/Fire      #.......     99%         3    ####...
 Mephitic Cloud           Conj/Pois/Air  #.......     99%         3    ####...
 Summon Guardian Golem    Hex/Summ       #.......     99%         3    ####...
 Summon Ice Beast         Ice/Summ       #.......     100%        4    #####..
 Summon Lightning Spire   Summ/Air       #.......     100%        4    #####..


Dungeon Overview and Level Annotations

Branches:
Dungeon (9/15)             Temple (1/1) D:6             Orc (2/2) D:9
    Elf (0/3) Orc:2
   Lair: D:8-11

Altars:
Ashenzari
Cheibriados
Dithmenos
Fedhas
Gozag
Hepliaklqana
Kikubaaqudgha
Makhleb
Nemelex Xobeh
Okawaru
Qazlal
Sif Muna
Trog
Uskayaw
Vehumet
Xom
Yredelemnul
Zin
The Shining One

Shops:
Orc:2 [

Annotations:
D:4 1 runed translucent door


Innate Abilities, Weirdness & Mutations

You are too large for most types of armour.
You have claws for hands.
Your metabolism is lightning-fast.
You like to eat raw meat.
Your natural rate of healing is unusually fast.
You are covered in fur. (AC +1)
You have extremely tough skin. (AC +3)


Message History

The orc knight is moderately wounded.
You block the orc knight's attack.
You mangle the orc knight!!
The orc knight is heavily wounded.
The orc shoots a bolt.
The bolt hits you!
* * * LOW HITPOINT WARNING * * *
You feel much better. You block the orc knight's attack.
The orc shoots a bolt.
You block the bolt.
You claw the orc knight!
The orc knight is severely wounded.
The orc knight hits you with a cursed +0 arbalest!!
* * * LOW HITPOINT WARNING * * *
You barely miss the orc knight.
The orc knight is severely wounded.
The orc shoots a bolt.
The bolt hits you!
* * * LOW HITPOINT WARNING * * *
You barely miss the orc knight.
The orc knight is severely wounded.
The orc knight hits you with a cursed +0 arbalest!
You die...

....................#....#
............(.......#...##
.............(......#....#
............o............#
..o.............((......##
................#.#)....#
.....(∩....o.#.####.....##
.........(...###(#..>....#
.............##.@)(o###.##
.............###.o...####
...#.##.#...## ###..##
############# ####


You could see an orc knight and an orc.

Vanquished Creatures
  Harold (D:7)
  A centaur warrior (Orc:2)
  An orc high priest (D:9)
  An unseen horror (D:9)
  An orc sorcerer (Orc:2)
  Psyche (D:8)
  A troll (D:7)
  2 hippogriffs
  A spriggan (D:7)
  The ghost of dscm the Covered, an amateur DDFi (D:4)
  A hungry ghost (D:9)
  A black bear (D:6)
  An ice beast (D:5)
  5 orc warriors
  A sky beast (D:8)
  A necrophage (D:8)
  2 phantoms
  5 ogres
  6 centaurs
  3 bullfrogs
  A big kobold (D:9)
  A water moccasin zombie (D:8)
  4 scorpions
  6 killer bees
  A spriggan skeleton (D:9)
  3 crimson imps
  A quasit (D:6)
  4 jellies
  2 hounds
  8 orc wizards
  4 centaur skeletons (D:9)
  6 orc priests
  A bullfrog skeleton (D:8)
  Jessica (D:3)
  6 iguanas
  5 worker ants
  A killer bee zombie (D:8)
  A hound zombie (D:5)
  2 hound skeletons (D:4)
  A howler monkey zombie (D:6)
  A worker ant zombie (D:9)
  3 gnolls (D:7)
  A howler monkey skeleton (D:4)
  11 adders
  2 shadow imps
  2 adder skeletons
  4 worms
  A dart slug (D:3)
  2 leopard geckos (D:4)
  32 orcs
  2 ball pythons (D:3)
  7 bats
  6 giant cockroaches
  6 goblins
  11 hobgoblins
  6 jackals
  4 quokkas
  A ball python skeleton (D:4)
  13 frilled lizards
  9 kobolds
  A leopard gecko skeleton (D:4)
  4 rats
  2 plants (D:4)
227 creatures vanquished.

Notes
Turn   | Place    | Note
-------+----------+-------------------------------------------
     0 | D:1      | davaitedunem the Troll Fighter began the quest for the Orb.
     0 | D:1      | Reached XP level 1. HP: 22/22 MP: 0/0
   517 | D:2      | Reached XP level 2. HP: 29/29 MP: 1/1
   526 | D:2      | Reached skill level 3 in Unarmed Combat
   773 | D:2      | Reached XP level 3. HP: 33/36 MP: 2/2
  1165 | D:3      | Reached skill level 4 in Unarmed Combat
  1176 | D:3      | Reached XP level 4. HP: 41/44 MP: 3/3
  1491 | D:3      | Found a stormy altar of Qazlal.
  1563 | D:3      | Noticed an ogre
  1577 | D:3      | Killed an ogre
  1577 | D:3      | Reached skill level 5 in Unarmed Combat
  1577 | D:3      | Reached XP level 5. HP: 42/50 MP: 4/4
  1672 | D:3      | Reached skill level 6 in Unarmed Combat
  1721 | D:3      | Noticed Jessica
  1730 | D:3      | Killed Jessica
  1982 | D:4      | Reached XP level 6. HP: 49/59 MP: 5/5
  1996 | D:4      | Found a burning altar of Makhleb.
  2034 | D:4      | Reached skill level 7 in Unarmed Combat
  2190 | D:4      | Found a runed translucent door.
  2193 | D:4      | Noticed dscm's ghost (amateur DDFi)
  2207 | D:4      | Reached XP level 7. HP: 40/66 MP: 6/6
  2212 | D:4      | Killed dscm's ghost
  2212 | D:4      | Reached skill level 8 in Unarmed Combat
  2234 | D:4      | Found a runed translucent door.
  2429 | D:4      | Found a shattered altar of Ashenzari.
  2442 | D:4      | Found a radiant altar of Vehumet.
  2756 | D:5      | Entered Level 5 of the Dungeon
  2850 | D:5      | Reached skill level 9 in Unarmed Combat
  2886 | D:5      | Found a hazy altar of Hepliaklqana.
  2961 | D:5      | Reached XP level 8. HP: 74/74 MP: 7/7
  3033 | D:5      | Found a radiant altar of Vehumet.
  3184 | D:5      | Reached skill level 10 in Unarmed Combat
  3199 | D:5      | Found a hide-covered altar of Uskayaw.
  3519 | D:6      | Found a staircase to the Ecumenical Temple.
  3527 | Temple   | Entered the Ecumenical Temple
  3968 | D:6      | Reached skill level 11 in Unarmed Combat
  4483 | D:7      | Reached XP level 9. HP: 80/80 MP: 8/8
  4565 | D:7      | Noticed a troll
  4572 | D:7      | Killed a troll
  4572 | D:7      | Reached skill level 12 in Unarmed Combat
  4705 | D:7      | Noticed Harold
  4726 | D:7      | Killed Harold
  4726 | D:7      | Reached skill level 13 in Unarmed Combat
  5147 | D:8      | Reached XP level 10. HP: 82/88 MP: 9/9
  5308 | D:8      | Reached skill level 14 in Unarmed Combat
  5400 | D:8      | Found a glowing golden altar of the Shining One.
  5449 | D:8      | Noticed Psyche
  5457 | D:8      | Killed Psyche
  5919 | D:9      | Found a staircase to the Orcish Mines.
  6765 | D:9      | Killed an unseen horror
  6765 | D:9      | Reached skill level 15 in Unarmed Combat
  6922 | Orc:1    | Entered Level 1 of the Orcish Mines
  6922 | Orc:1    | Noticed an orc high priest
  6954 | D:9      | Killed an orc high priest
  7190 | Orc:2    | Entered Level 2 of the Orcish Mines
  7318 | Orc:2    | Found a staircase to the Elven Halls.
  7341 | Orc:2    | Found Onialeto's Antique Armour Shoppe.
  7350 | Orc:2    | Bought a glowing shield for 202 gold pieces
  7374 | Orc:2    | Noticed an orc sorcerer
  7382 | Orc:2    | Noticed a sixfirhy
  7382 | Orc:2    | Killed an orc sorcerer
  7435 | Orc:2    | Reached skill level 16 in Unarmed Combat
  7500 | Orc:2    | Noticed an orc knight
  7512 | Orc:2    | Noticed a centaur warrior
  7532 | Orc:2    | HP: 1/88 [centaur warrior/arrow (12)]
  7537 | Orc:2    | Reached XP level 11. HP: 30/94 MP: 10/10
  7538 | Orc:2    | Killed a centaur warrior
  7538 | Orc:2    | Reached skill level 1 in Armour
  7546 | Orc:2    | HP: 1/94 [orc/bolt (9)]
  7547 | Orc:2    | Mangled by an orc knight

Skill      XL: |  1  2  3  4  5  6  7  8  9 10 11 |
---------------+----------------------------------+-----
Unarmed Combat | 3 4 5 6 7 9 11 13 16 | 16.0
Armour         | 1 |  1.8
Fighting       | |  2.4
Dodging        | |  2.4
Shields        | |  2.8

Action                   |  1- 3 |  4- 6 |  7- 9 | 10-12 || total
-------------------------+-------+-------+-------+-------++-------
Melee: Unarmed           |    97 |   203 |   258 |   159 ||   717
  Use: Scroll            |     4 |     8 |     3 |     1 ||    16
       Potion            |       |     1 |     3 |     4 ||     8
 Stab: Sleeping          |     1 |       |       |       ||     1
  Eat: Chunk             |    15 |    11 |    21 |    24 ||    71
       Ration            |       |       |       |     1 ||     1
Armor: Robe              |    36 |    64 |    58 |    23 ||   181
Dodge: Dodged            |    34 |    69 |    87 |    39 ||   229
Block: Shield            |    43 |    76 |   108 |    81 ||   308
